 Dungeon Crawl Stone Soup version 0.20-a0-910-gb611367 (webtiles) character file.

534 LORDOFBUTT the Chopper (level 7, -4/68 HPs)
             Began as a Minotaur Berserker on Mar 23, 2017.
             Was a Priest of Trog.
             Slain by Duvessa
             ... wielding a +0 short sword
              (6 damage)
             ... on level 4 of the Dungeon.
             The game lasted 00:04:02 (2706 turns).

LORDOFBUTT the Chopper (Minotaur Berserker)         Turns: 2706, Time: 00:04:04

Health: -4/68      AC:  3    Str: 21    XL:     7   Next: 4%
Magic:  6/6        EV: 17    Int:  4    God:    Trog [***...]
Gold:   269        SH:  0    Dex: 12    Spells: 6/6 levels left

rFire    . . .     SeeInvis .   a - +0 hand axe
rCold    . . .     Gourm    .   b - +1 animal skin
rNeg     . . .     Faith    .   (no shield)
rPois    .         Spirit   .   (helmet restricted)
rElec    .         Reflect  .   (no cloak)
rCorr    .         Harm     .   (no gloves)
MR       ++...     Rnd*Tele +   (no boots)
Stlth    +.........             (no amulet)
Regen    1.0/turn               (no ring)
MPRegen  0.1/turn               f - +2 ring of evasion

@: exhausted, regenerating, slowed, very slow
A: retaliatory headbutt, horns 2, robust 2, inhibited regeneration, teleportitis
1
a: Berserk, Trog's Hand, Burn Spellbooks, Renounce Religion


You were on level 4 of the Dungeon.
You worshipped Trog.
Trog was most pleased with you.
You were hungry.

You visited 1 branch of the dungeon, and saw 4 of its levels.

You collected 269 gold pieces.

Inventory:

Hand Weapons
 a - a +0 hand axe (weapon)
Armour
 b - a +1 animal skin (worn)
Jewellery
 f - a +2 ring of evasion (left hand)
Wands
 k - a wand of digging (19/24)
Scrolls
 d - a scroll of enchant armour
 g - a scroll of recharging
 i - 2 scrolls of teleportation {unknown}
 m - a scroll of fog {unknown}
 p - a scroll of fear {unknown}
 q - 4 scrolls of remove curse
Potions
 e - 4 potions of curing
 h - a potion of ambrosia {unknown}
 j - a potion of brilliance
 l - 2 potions of berserk rage {unknown}
Comestibles
 c - 4 bread rations
 n - a chunk of flesh
 o - a meat ration
 r - a fruit
 s - a royal jelly


   Skills:
 - Level 3.6 Fighting
 + Level 7.2 Axes
 - Level 2.4 Armour
 + Level 6.2 Dodging


You had 6 spell levels left.
You didn't know any spells.

Dungeon Overview and Level Annotations

Branches:
Dungeon (4/15)
 Temple: D:4-7

Altars:
Ashenzari
Nemelex Xobeh
Qazlal
Sif Muna

Annotations:
D:4 Duvessa


Innate Abilities, Weirdness & Mutations

You reflexively headbutt those who attack you in melee.
You have a pair of horns on your head.
You are very robust. (+20% HP)
You do not regenerate when monsters are visible.
You are occasionally teleported next to monsters.


Message History

Duvessa misses you. You furiously retaliate!
You headbutt Duvessa, but do no damage. You hit Duvessa.
Duvessa is lightly wounded.
Duvessa misses you. Duvessa hits you with a short sword.
* * * LOW HITPOINT WARNING * * *
Okay, then.
Okay, then.
You hear the slow hiss of a distant avalanche of sand.
Duvessa hits you with a short sword.
* * * LOW HITPOINT WARNING * * *
Duvessa barely misses you.
Your skin crawls.
You feel resistant to hostile enchantments.
You are feeling hungry.
Duvessa hits you with a short sword!
* * * LOW HITPOINT WARNING * * *
Duvessa barely misses you. Duvessa hits you with a short sword.
You die...

#...# #.#
#...# #.#
#...# # #.#
#...#.# #.#
#...#.####
#.#
#.........#
#.#
#.........#
#.#
##e#......#
#.#
#@#......#
#.#
#.#......#
#.#
#.#......#
#.#
##'#......#
#.# #..).#
# #.#
#.[..# #.#
#....#
####'#
##.###
#..... #.#
#.....


You could see Duvessa (berserk).

Vanquished Creatures
  An ogre (D:4)
  Dowan (D:4)
  A scorpion (D:4)
  A howler monkey (D:3)
  An orc priest (D:3)
  Jessica (D:2)
  Natasha (thrice) (D:4)
  A worker ant (D:4)
  3 gnolls (D:3)
  4 adders
  4 worms
  2 dart slugs (D:3)
  2 leopard geckos (D:3)
  8 orcs (D:3)
  11 bats
  3 giant cockroaches
  7 goblins
  6 hobgoblins
  3 jackals (D:1)
  A quokka (D:3)
  6 frilled lizards
  5 kobolds
  9 rats
84 creatures vanquished.

Notes
Turn   | Place    | Note
-------+----------+-------------------------------------------
     0 | D:1      | LORDOFBUTT the Minotaur Berserker began the quest for the Orb.
     0 | D:1      | Reached XP level 1. HP: 19/19 MP: 0/0
   265 | D:1      | Reached XP level 2. HP: 26/26 MP: 1/1
   270 | D:1      | Reached skill level 4 in Axes
   468 | D:1      | Reached ** piety under Trog
   647 | D:2      | Noticed Jessica
   655 | D:2      | Killed Jessica
   655 | D:2      | Reached XP level 3. HP: 22/31 MP: 2/2
   693 | D:2      | Found a stormy altar of Qazlal.
   739 | D:2      | Found a shattered altar of Ashenzari.
   967 | D:2      | Found a deep blue altar of Sif Muna.
  1052 | D:2      | Reached XP level 4. HP: 39/39 MP: 3/3
  1135 | D:2      | Reached skill level 5 in Axes
  1170 | D:2      | Found a sparkling altar of Nemelex Xobeh.
  1542 | D:3      | Reached XP level 5. HP: 16/45 MP: 4/4
  2074 | D:3      | Gained mutation: Your flesh is heat resistant. (rF+) [potion of mutation]
  2074 | D:3      | Gained mutation: Your flesh is very heat resistant. (rF++) [potion of mutation]
  2074 | D:3      | Gained mutation: You are robust. (+10% HP) [potion of mutation]
  2092 | D:3      | Reached *** piety under Trog
  2148 | D:3      | Lost mutation: You are robust. (+10% HP) [potion of mutation]
  2148 | D:3      | Lost mutation: Your flesh is very heat resistant. (rF++) [potion of mutation]
  2148 | D:3      | Lost mutation: Your flesh is heat resistant. (rF+) [potion of mutation]
  2148 | D:3      | Gained mutation: You expend magic power (3 MP) to strengthen your wands. [potion of mutation]
  2148 | D:3      | Gained mutation: You are clumsy. (Dex -2) [potion of mutation]
  2148 | D:3      | Gained mutation: Your natural rate of healing is unusually fast. [potion of mutation]
  2148 | D:3      | Gained mutation: You possess an exceptional clarity of mind. [potion of mutation]
  2149 | D:3      | Lost mutation: You are clumsy. (Dex -2) [potion of mutation]
  2149 | D:3      | Lost mutation: You expend magic power (3 MP) to strengthen your wands. [potion of mutation]
  2149 | D:3      | Lost mutation: Your natural rate of healing is unusually fast. [potion of mutation]
  2149 | D:3      | Lost mutation: You possess an exceptional clarity of mind. [potion of mutation]
  2149 | D:3      | Gained mutation: You are occasionally teleported next to monsters. [potion of mutation]
  2149 | D:3      | Gained mutation: You are robust. (+10% HP) [potion of mutation]
  2149 | D:3      | Gained mutation: You do not regenerate when monsters are visible. [potion of mutation]
  2149 | D:3      | Gained mutation: You are very robust. (+20% HP) [potion of mutation]
  2326 | D:3      | Reached skill level 5 in Dodging
  2327 | D:3      | Reached skill level 6 in Axes
  2499 | D:4      | Noticed Natasha
  2509 | D:4      | Killed Natasha
  2509 | D:4      | Reached XP level 6. HP: 40/61 MP: 5/5
  2528 | D:4      | Noticed Natasha
  2535 | D:4      | Killed Natasha
  2575 | D:4      | Reached skill level 7 in Axes
  2606 | D:4      | Noticed Natasha
  2609 | D:4      | Killed Natasha
  2687 | D:4      | Noticed Dowan
  2695 | D:4      | Killed Dowan
  2695 | D:4      | Reached XP level 7. HP: 45/68 MP: 6/6
  2700 | D:4      | Noticed Duvessa
  2705 | D:4      | HP: 1/68 [Duvessa/short sword (10)]
  2706 | D:4      | Slain by Duvessa

Vault maps used:
D:1:      minmay_arrival_jagged
D:2:      grunt_qazlal_sundering, lemuel_doored_altar, led_sif_pool,
          first_bread, grunt_ministairs_6, nemelex_spade_bored_becter,
          uniq_jessica
D:3:      serial_bayou_pond_e
D:4:      enter_ossuary_3, uniq_natasha, uniq_duvessa

Skill      XL: |  1  2  3  4  5  6 |
---------------+-------------------+-----
Axes           | 4 5 6 7 |  7.2
Dodging        | 3 4 5 6 |  6.2
Fighting       | |  3.6
Armour         | |  2.4

Action                   |  1- 3 |  4- 6 |  7- 9 || total
-------------------------+-------+-------+-------++-------
Melee: Hand axe          |    63 |    90 |     1 ||   154
       Headbutt          |    16 |    15 |       ||    31
Invok: Berserk           |       |     3 |       ||     3
       Trog's Hand       |       |       |     1 ||     1
  Use: Scroll            |     5 |     1 |       ||     6
       Potion            |       |     3 |       ||     3
 Stab: Sleeping          |     1 |       |       ||     1
  Eat: Chunk             |       |     8 |       ||     8
Armor: Animal skin       |    13 |    16 |     1 ||    30
Dodge: Dodged            |    45 |    74 |     6 ||   125
